 Dungeon Sprint DCSS version 0.30.1-9-gdf580d7c3d (webtiles) character file.

Game seed: 3614705621242543155

2415 Heoruswealwe the Impaler (level 9, -5/93 HPs)
             Began as a Minotaur Fighter on Oct 25, 2023.
             Was an Initiate of Gozag.
             Killed from afar by an acid dragon (9 damage)
             ... with a splash of acid
             ... in the Dungeon (Sprint IX: "|||||||||||||||||||||||||||||").
             The game lasted 00:02:12 (354 turns).

Heoruswealwe the Impaler (Minotaur Fighter)          Turns: 354, Time: 00:02:13

Health: -5/93      AC: 23    Str: 25    XL:     9   Next: 23%
Magic:  8/8        EV:  8    Int:  5    God:    Gozag
Gold:   495        SH:  0    Dex: 10    Spells: 8/8 levels left

rFire   . . .        b - +2 halberd (protect)
rCold   . . .        (shield currently unavailable)
rNeg    . . .        c - +0 plate armour
rPois   .            (helmet restricted)
rElec   .            (no cloak)
rCorr   .            (no gloves)
SInv    .            (no boots)
Will    .....        (no amulet) Stlth
                     (no ring)
HPRegen 0.35/turn    (no ring)
MPRegen 0.11/turn

%: no teleportation
@: gold aura, under a protective aura
A: horns 2, retaliatory headbutt
a: Renounce Religion, Potion Petition, Call Merchant, Bribe Branch


You were in the Dungeon.
You worshipped Gozag.
Gozag was aware of your devotion.
You visited 1 branch You collected 495 gold pieces.

Inventory:

Hand Weapons
 a - a +0 trident
 b - a +2 halberd of protection (weapon)
Armour
 c - a +0 plate armour (worn)
 d - a +0 buckler
Jewellery
 l - a +3 ring of strength
 m - a +3 ring of intelligence
Wands
 h - a wand of iceblast (10)
Scrolls
 j - 2 scrolls of blinking
Potions
 e - 5 potions of curing
 f - 3 potions of heal wounds
 g - a potion of haste
 i - a potion of berserk rage
 k - a potion of might


   Skills:
 + Level 13.2 Fighting
 * Level 17.6 Polearms
 + Level 13.2 Armour
 - Level 3.6 Shields


You had 8 spell levels left.
You didn't know any spells.
Your spell library was empty.

Dungeon Overview and Level Annotations

Branches:
Dungeon (1/1)

Altars:
Cheibriados
Dithmenos
Elyvilon
Fedhas
Gozag
Hepliaklqana
Kikubaaqudgha
Makhleb
Nemelex Xobeh
Okawaru
Qazlal
Ru
Sif Muna
Trog
Uskayaw
Vehumet
Wu Jian
Xom
Yredelemnul
Zin
The Shining One
Jiyva
Lugonu


Innate Abilities, Weirdness & Mutations

You have a pair of horns on your head.
You reflexively headbutt those who attack you in melee.


Message History

The centaur warrior is no longer distracted by gold.
You headbutt the centaur warrior!
The centaur warrior is moderately wounded.
The basilisk is no longer distracted by gold.
The centaur warrior unwields a +0 shortbow.
The centaur warrior hits you!
* * * LOW HITPOINT WARNING * * *
The centaur warrior kicks you but does no damage.
You puncture the centaur warrior! You headbutt the centaur warrior.
The centaur warrior is severely wounded.
The centaur warrior hits you but does no damage.
The centaur warrior kicks you but does no damage.
You puncture the centaur warrior!
Your headbutt misses the centaur warrior.
The centaur warrior is almost dead.
The centaur warrior hits you but does no damage.
The centaur warrior kicks you but does no damage.
You slash the centaur warrior!
You kill the centaur warrior!
Your Fighting skill increases to level 13!
Your Polearms skill increases to level 17!
Your Armour skill increases to level 13!
You have reached level 9!
Your experience leads to an increase in your attributes!
Increase (S)trength, (I)ntelligence, or (D)exterity?
You feel stronger. x2
The acid dragon barely misses you.
The acid dragon claws you but does no damage.
Things that are here:
144 gold pieces; a +0 shortbow You hit the acid dragon.
The acid dragon is moderately wounded.
The acid dragon bites you but does no damage.
The acid dragon claws you but does no damage.
You barely miss the acid dragon.
The acid dragon is moderately wounded.
The acid dragon spits acid at you. The splash of acid hits you!
You die...
Your body crumbles into a pile of gold.

▓▓▓▓▓▓▓▓▓▓▓▓▓▓▓▓▓▓▓▓▓▓▓
?)[[[...').....$@DCl..+
▓▓▓▓▓▓▓▓▓▓▓▓▓▓▓▓▓▓▓▓▓▓▓
$ $$$ $ $ $


$$$$$ You could see a cyclops, a basilisk and an acid dragon (catching breath).

Vanquished Creatures
  A centaur warrior (D)
  A two-headed ogre (D)
  A gargoyle (D)
  A kobold demonologist (D)
  A wraith (D)
  A steam dragon (D)
  2 vampire mosquitoes (D)
  A centaur (D)
  A scorpion (D)
  An adder (D)
  An ufetubus (D)
  2 orcs (D)
  A giant cockroach (D)
  A goblin (D)
  A hobgoblin (D)
  A quokka (D)
  A rat (D)
19 creatures vanquished.

Notes
Turn   | Place    | Note
-------+----------+-------------------------------------------
     0 | D        | Heoruswealwe the Minotaur Fighter began the quest for the
                  | Orb.
     0 | D        | Reached XP level 1. HP: 19/19 MP: 0/0
    12 | D        | Reached skill level 3 in Polearms
    37 | D        | Noticed a scorpion
    43 | D        | Reached skill level 4 in Polearms
    43 | D        | Reached XP level 2. HP: 23/28 MP: 1/1
    51 | D        | Reached skill level 5 in Polearms
    58 | D        | Reached skill level 5 in Fighting
    58 | D        | Reached skill level 5 in Armour
    64 | D        | Killed a scorpion
    65 | D        | Reached skill level 7 in Polearms
    65 | D        | Reached XP level 3. HP: 11/37 MP: 2/2
    65 | D        | Reached XP level 4. HP: 14/44 MP: 3/3
    77 | D        | Found a snail-covered altar of Cheibriados.
    77 | D        | Found a shadowy altar of Dithmenos.
    77 | D        | Found a white marble altar of Elyvilon.
    77 | D        | Found a blossoming altar of Fedhas.
    77 | D        | Found an opulent altar of Gozag.
    78 | D        | Found a hazy altar of Hepliaklqana.
    79 | D        | Found a viscous altar of Jiyva.
    80 | D        | Found an ancient bone altar of Kikubaaqudgha.
    81 | D        | Found a corrupted altar of Lugonu.
    82 | D        | Found a burning altar of Makhleb.
    83 | D        | Found a sparkling altar of Nemelex Xobeh.
    84 | D        | Found an iron altar of Okawaru.
    85 | D        | Became a worshipper of Gozag Ym Sagoz the Greedy
    86 | D        | Found a stormy altar of Qazlal.
    87 | D        | Found a sacrificial altar of Ru.
    88 | D        | Found a shimmering blue altar of Sif Muna.
    89 | D        | Found a bloodstained altar of Trog.
    90 | D        | Found a hide-covered altar of Uskayaw.
    91 | D        | Found a radiant altar of Vehumet.
    92 | D        | Found an ornate altar of the Wu Jian Council.
    93 | D        | Found a shimmering altar of Xom.
    94 | D        | Found a basalt altar of Yredelemnul.
    95 | D        | Found a glowing silver altar of Zin.
    96 | D        | Found a glowing golden altar of the Shining One.
   138 | D        | Noticed a wraith
   138 | D        | Noticed a centaur
   138 | D        | Noticed a kobold demonologist
   138 | D        | Noticed a vampire mosquito
   138 | D        | Noticed a steam dragon
   138 | D        | Noticed a vampire mosquito
   147 | D        | Killed a wraith
   148 | D        | Reached skill level 10 in Polearms
   148 | D        | Reached XP level 5. HP: 30/53 MP: 4/4
   150 | D        | Killed a centaur
   151 | D        | Reached skill level 11 in Polearms
   151 | D        | Reached XP level 6. HP: 37/62 MP: 5/5
   157 | D        | Killed a kobold demonologist
   158 | D        | Reached skill level 13 in Polearms
   158 | D        | Reached XP level 7. HP: 41/71 MP: 6/6
   161 | D        | Killed a vampire mosquito
   162 | D        | Reached skill level 10 in Fighting
   162 | D        | Reached skill level 10 in Armour
   165 | D        | Killed a steam dragon
   166 | D        | Reached skill level 14 in Polearms
   168 | D        | Killed a vampire mosquito
   336 | D        | Noticed a gargoyle
   336 | D        | Noticed a two-headed ogre
   336 | D        | Noticed a centaur warrior
   336 | D        | Noticed a cyclops
   336 | D        | Noticed a basilisk
   340 | D        | Killed a gargoyle
   341 | D        | Reached skill level 15 in Polearms
   341 | D        | Reached XP level 8. HP: 54/82 MP: 7/7
   346 | D        | Killed a two-headed ogre
   347 | D        | Reached skill level 16 in Polearms
   348 | D        | HP: 2/85 [centaur warrior (9)]
   351 | D        | Killed a centaur warrior
   352 | D        | Reached skill level 17 in Polearms
   352 | D        | Reached XP level 9. HP: 3/93 MP: 8/8
   354 | D        | Killed from afar by an acid dragon

Illustrated notes

Levels and vault maps discovered:
D:        linesprint [early_d, line_temple, items_1, d_10, items_2, lair_1,
          lair_end, items_3, orc_1, orc_end, items_4, d_15, swamp_1, shoals_1,
          snake_1, spider_1, d_20, vaults_1, items_5, swamp_end, shoals_end,
          snake_end, spider_end, vaults_end, d_27, items_6, zot_1, zot_end,
          crypt_end, forest_end, elf_end, slime_end, tomb_end, abyss_end,
          pan_hell_end]

Skill      XL: |  1  2  3  4  5  6  7  8 |
---------------+-------------------------+-----
Polearms       | 4 7 10 11 13 15 17 | 17.6
Fighting       | 4 6 8 9 11 13 | 13.2
Armour         | 4 6 8 9 11 13 | 13.2
Shields        | |  3.6

Action                     |  1- 3 |  4- 6 |  7- 9 || total
---------------------------+-------+-------+-------++-------
  Melee: Trident           |    42 |       |       ||    42
         Headbutt          |     3 |     2 |     9 ||    14
         Halberd           |       |    18 |    27 ||    45
   Stab: Distracted        |       |     1 |       ||     1
 Armour: Scale mail        |    16 |       |       ||    16
         Plate armour      |       |    11 |    17 ||    28
  Dodge: Dodged            |    19 |     5 |     5 ||    29
  Block: Buckler           |    11 |       |       ||    11
